Canadiens vs Kings

Created - Friday, March 06, 2015 at 03:39

Goals
1 2 3 OT1 SO T
Canadiens 1 1 0 0 1 2
Kings 0 2 0 0 2 3
Shots
1 2 3 OT1 SO T
Canadiens 8 14 12 2 5 36
Kings 6 15 10 2 5 33

1st period

1. Canadiens , Patric Hornqvist 14 (Mathieu Perreault, Matt Niskanen) at 1:15 (PP)

Penalties :
Carl Soderberg (LA ) for Roughing (Minor) at 0:24

2nd period

2. Kings , Duncan Keith 22 (Cam Fowler, Nick Bjugstad) at 10:16
3. Canadiens , Mike Cammalleri 31 (Eric Staal) at 14:45
4. Kings , Cam Fowler 10 (Milan Lucic, Tyler Seguin) at 18:23 (PP)

Penalties :
Derek Morris (Mon) for Slashing (Minor) at 3:49, Craig Smith (Mon) for Cross-checking (Minor) at 18:05

3rd period

No Goal

Penalties :
Brenden Morrow (LA ) for Hooking (Minor) at 2:00, Blake Comeau (Mon) for Hooking (Minor) at 6:15, Brenden Morrow (LA ) for Hooking (Minor) at 13:56

Overtime #1

No Goal

Penalties :
No Penalty

Shootout

Penalty Shot by Jussi Jokinen for Canadiens - Stopped by Sergei Bobrovsky
Penalty Shot by Tyler Seguin for Kings - Stopped by Marc-Andre Fleury
Penalty Shot by Mike Cammalleri for Canadiens - Goal!
Penalty Shot by Ryan Johansen for Kings - Shot Misses the Net
Penalty Shot by Craig Smith for Canadiens - Stopped by Sergei Bobrovsky
Penalty Shot by Milan Lucic for Kings - Goal!
Penalty Shot by Jaromir Jagr for Canadiens - Stopped by Sergei Bobrovsky
Penalty Shot by Mika Zibanejad for Kings - Shot Misses the Net
Penalty Shot by Mike Santorelli for Canadiens - Stopped by Sergei Bobrovsky
Penalty Shot by Tomas Kopecky for Kings - Goal!

Penalties :
No Penalty

Goalie Stats

Marc-Andre Fleury (Mon), 31 saves from 33 shots - (0.939), OTL, 39-9-4, 65:00 minutes
Sergei Bobrovsky (LA ), 34 saves from 36 shots - (0.944), W, 44-12-3, 65:00 minutes

Players Stats for Canadiens

Player Name              G  A  P  +/- PIM S  H  SB GA TA FO     MP     PP MP  PK MP  
------------------------------------------------------------------------------------
Alex Goligoski           0  0  0   0  0   3  2  3  0  5  0/0    28:11   2:54   1:35 
Ben Lovejoy              0  0  0   0  0   0  0  0  0  0  0/0     0:56   0:00   0:00 
Blake Comeau             0  0  0   0  2   1  2  0  0  0  0/1     9:09   0:48   0:06 
Brandon Prust            0  0  0   0  0   0  1  0  0  0  1/2     9:06   0:00   3:45 
Craig Smith              0  0  0  -1  2   6  0  1  5  0  1/1    17:45   0:00   0:00 
Derek Morris             0  0  0   0  2   0  1  2  0  0  0/0    11:35   0:00   0:00 
Eric Staal               0  1  1   1  0   0  2  1  4  1  10/21  25:28   1:36   3:22 
Jan Hejda                0  0  0   0  0   1  1  4  0  1  0/0    26:07   0:00   2:41 
Jared Spurgeon           0  0  0   0  0   1  1  0  1  1  0/0    19:06   1:55   1:35 
Jaromir Jagr             0  0  0   1  0   3  1  0  0  0  1/1    17:10   2:21   0:00 
Jussi Jokinen            0  0  0   0  0   6  2  0  2  0  0/0    17:54   2:28   0:08 
Marcus Johansson         0  0  0  -1  0   3  3  1  0  0  0/1    15:08   0:00   0:00 
Mathieu Perreault        0  1  1   0  0   0  1  2  1  0  11/18  18:10   2:25   0:00 
Matt Niskanen            0  1  1   0  0   3  2  0  0  0  0/0    24:33   2:54   0:00 
Mike Cammalleri          1  0  1   1  0   3  2  0  4  0  0/0    19:24   2:21   0:00 
Mike Santorelli          0  0  0  -1  0   2  0  2  1  0  5/8    16:10   0:00   0:23 
Mike Weaver              0  0  0   0  0   1  0  1  0  2  0/0    19:36   1:55   2:41 
Patric Hornqvist         1  0  1   0  0   3  0  1  1  0  0/1    20:08   2:28   0:48 

Players Stats for Kings

Player Name              G  A  P  +/- PIM S  H  SB GA TA FO     MP     PP MP  PK MP  
------------------------------------------------------------------------------------
Brandon McMillan         0  0  0   1  0   0  2  0  0  0  0/0    13:54   0:00   0:00 
Brenden Morrow           0  0  0   0  4   1  1  0  1  0  0/1    10:00   0:00   0:00 
Cam Fowler               1  1  2   0  0   6  1  0  2  2  0/0    27:10   1:27   3:29 
Carl Soderberg           0  0  0   0  2   1  5  0  2  0  1/2    18:41   1:51   1:01 
David Rundblad           0  0  0   0  0   0  0  0  0  2  0/0    14:31   0:00   0:00 
Duncan Keith             1  0  1   0  0   5  1  2  1  2  0/0    27:10   1:27   3:29 
Henrik Tallinder         0  0  0   0  0   2  0  1  0  2  0/0    23:18   2:49   1:20 
Ladislav Smid            0  0  0   0  0   0  2  1  0  5  0/0    23:18   2:49   1:20 
Matt Cullen              0  0  0   1  0   2  0  0  2  0  0/0    16:15   0:00   0:00 
Mika Zibanejad           0  0  0  -1  0   2  0  1  2  0  0/0    16:51   2:25   0:11 
Milan Lucic              0  1  1  -1  0   0  2  1  2  0  0/0    16:51   2:25   0:11 
Nathan Paetsch           0  0  0   0  0   0  2  1  0  0  0/0    14:31   0:00   0:00 
Nick Bjugstad            0  1  1   1  0   1  3  0  1  1  6/9    17:32   0:00   1:28 
Ryan Johansen            0  0  0   0  0   5  2  1  2  1  2/3    23:37   1:51   3:37 
Tomas Kopecky            0  0  0   0  0   1  1  0  0  0  0/1    17:01   1:51   0:00 
Tyler Seguin             0  1  1  -1  0   5  2  0  3  0  14/32  26:08   2:25   3:10 
Vincent Trocheck         0  0  0   0  0   2  0  0  0  0  2/6     8:15   0:00   0:00 
Vladislav Namestnikov    0  0  0   0  0   0  0  0  0  0  0/0     0:00   0:00   0:00 

3 Stars

1 - Cam Fowler (LA )
2 - Mike Cammalleri (Mon)
3 - Sergei Bobrovsky (LA )

Power Play

Canadiens - 1 on 3 Attempt(s) - 33.33%
Kings - 1 on 3 Attempt(s) - 33.33%

Penalty Kill

Canadiens - 2 on 3 Attempt(s) - 66.67% - Score 0 goal in Penalty Kill
Kings - 2 on 3 Attempt(s) - 66.67% - Score 0 goal in Penalty Kill

Team Stat

Canadiens - Hits : 21 - Faceoff Wins : 29 - Blocked Shots : 18 - Penalty Minutes : 6
Kings - Hits : 24 - Faceoff Wins : 25 - Blocked Shots : 8 - Penalty Minutes : 6

Official

Referees : Unknown
Linesman : Unknown

Game Notes

10:16 of 2nd period - Kings goal is going for a video replay. After video review, Goal.
Derek Morris is injured at 14:35 of 2nd period (Separated Right Shoulder)

Finance

Level 1 -- Attendance: 5967 (99.45%) -- Ticket Income $507,195
Level 2 -- Attendance: 5000 (100.00%) -- Ticket Income $260,000
Level 3 -- Attendance: 1725 (86.25%) -- Ticket Income $53,475
Level 4 -- Attendance: 3611 (90.28%) -- Ticket Income $61,387
Luxury Box -- Attendance: 1000 (100.00%) -- Ticket Income $175,000
Game was played at the Staples Center'
Total Attendance: 17303 (96.13%)
Total Ticket Income: $1,057,057
Other Income: $517,958
Total Income: $1,575,015

Canadiens

5 vs 5 Forward 
   Center                   Left Wing                Right Wing               Time % Phy DF OF 
 1 Eric Staal               Mike Cammalleri          Jaromir Jagr             32     1   1  3  
 2 Mathieu Perreault        Jussi Jokinen            Patric Hornqvist         29     1   1  3  
 3 Mike Santorelli          Marcus Johansson         Craig Smith              28     1   1  3  
 4 Eric Staal               Blake Comeau             Brandon Prust            11     1   3  1  

5 vs 5 Defense 
   Defense                  Defense                                           Time % Phy DF OF 
 1 Alex Goligoski           Jan Hejda                                         40     1   2  2  
 2 Derek Morris             Matt Niskanen                                     34     1   2  2  
 3 Jared Spurgeon           Mike Weaver                                       26     1   3  1  
 4 Jan Hejda                Matt Niskanen                                     0      1   2  2  

PowerPlay Forward 
   Center                   Left Wing                Right Wing               Time % Phy DF OF 
 1 Eric Staal               Mike Cammalleri          Jaromir Jagr             60     1   1  3  
 2 Mathieu Perreault        Jussi Jokinen            Patric Hornqvist         40     1   1  3  

PowerPlay Defense
   Defense                  Defense                                           Time % Phy DF OF 
 1 Alex Goligoski           Matt Niskanen                                     60     1   2  2  
 2 Mike Weaver              Jared Spurgeon                                    40     1   2  2  

Penalty Kill 4 Players Forward 
   Center                   Wing                     Time % Phy DF OF 
 1 Eric Staal               Brandon Prust            60     1   3  1  
 2 Mike Santorelli          Blake Comeau             40     1   3  1  

Penalty Kill 4 Players Defense
   Defense                  Defense                  Time % Phy DF OF 
 1 Mike Weaver              Jan Hejda                60     1   3  1  
 2 Alex Goligoski           Jared Spurgeon           40     1   3  1  

Penalty Kill - 3 Players Forward 
   Forward                                           Time % Phy DF OF 
 1 Eric Staal                                        60     1   3  1  
 2 Mike Santorelli                                   40     1   3  1  

Penalty Kill - 3 Players Defense
   Defense                  Defense                  Time % Phy DF OF 
 1 Mike Weaver              Jan Hejda                60     1   3  1  
 2 Derek Morris             Jared Spurgeon           40     1   3  1  

4 vs 4 Forward 
   Center                   Wing                     Time % Phy DF OF 
 1 Eric Staal               Mike Cammalleri          60     1   2  2  
 2 Mathieu Perreault        Jaromir Jagr             40     1   2  2  

4 vs 4 Defense
   Defense                  Defense                  Time % Phy DF OF 
 1 Alex Goligoski           Matt Niskanen            60     1   2  2  
 2 Jan Hejda                Jared Spurgeon           40     1   2  2  

Last Minutes Offensive
   Center                   Left Wing                Right Wing               Defense                  Defense                  
   Eric Staal               Mike Cammalleri          Jaromir Jagr             Jared Spurgeon           Matt Niskanen            

Last Minutes Defensive
   Center                   Left Wing                Right Wing               Defense                  Defense                  
   Eric Staal               Mike Santorelli          Brandon Prust            Mike Weaver              Jan Hejda                

Goaltenders
Starting : Marc-Andre Fleury        
Backup : Pekka Rinne              

Extra Forwards
Normal : Eric Staal, Craig Smith, Patric Hornqvist - PP : Patric Hornqvist, Eric Staal - PK : Patric Hornqvist
Extra Defensemen
Normal : Jan Hejda, Mike Weaver, Matt Niskanen - PP : Alex Goligoski - PK : Mike Weaver, Matt Niskanen
Penalty Shots
Jussi Jokinen, Mike Cammalleri, Craig Smith, Jaromir Jagr, Mike Santorelli

Kings

5 vs 5 Forward 
   Center                   Left Wing                Right Wing               Time % Phy DF OF 
 1 Tyler Seguin             Milan Lucic              Mika Zibanejad           35     1   2  2  
 2 Ryan Johansen            Tomas Kopecky            Carl Soderberg           30     1   2  2  
 3 Nick Bjugstad            Matt Cullen              Brandon McMillan         22     1   2  2  
 4 Vincent Trocheck         Brenden Morrow           Tyler Seguin             13     1   2  2  

5 vs 5 Defense 
   Defense                  Defense                                           Time % Phy DF OF 
 1 Duncan Keith             Cam Fowler                                        35     1   2  2  
 2 Ladislav Smid            Henrik Tallinder                                  30     1   2  2  
 3 Nathan Paetsch           David Rundblad                                    22     1   2  2  
 4 Duncan Keith             Cam Fowler                                        13     1   2  2  

PowerPlay Forward 
   Center                   Left Wing                Right Wing               Time % Phy DF OF 
 1 Tyler Seguin             Milan Lucic              Mika Zibanejad           60     1   2  2  
 2 Ryan Johansen            Tomas Kopecky            Carl Soderberg           40     1   2  2  

PowerPlay Defense
   Defense                  Defense                                           Time % Phy DF OF 
 1 Duncan Keith             Cam Fowler                                        60     1   2  2  
 2 Ladislav Smid            Henrik Tallinder                                  40     1   2  2  

Penalty Kill 4 Players Forward 
   Center                   Wing                     Time % Phy DF OF 
 1 Tyler Seguin             Ryan Johansen            60     1   2  2  
 2 Milan Lucic              Mika Zibanejad           40     1   2  2  

Penalty Kill 4 Players Defense
   Defense                  Defense                  Time % Phy DF OF 
 1 Duncan Keith             Cam Fowler               60     1   2  2  
 2 Ladislav Smid            Henrik Tallinder         40     1   2  2  

Penalty Kill - 3 Players Forward 
   Forward                                           Time % Phy DF OF 
 1 Tyler Seguin                                      60     1   2  2  
 2 Ryan Johansen                                     40     1   2  2  

Penalty Kill - 3 Players Defense
   Defense                  Defense                  Time % Phy DF OF 
 1 Duncan Keith             Cam Fowler               60     1   2  2  
 2 Ladislav Smid            Henrik Tallinder         40     1   2  2  

4 vs 4 Forward 
   Center                   Wing                     Time % Phy DF OF 
 1 Tyler Seguin             Ryan Johansen            60     1   2  2  
 2 Milan Lucic              Mika Zibanejad           40     1   2  2  

4 vs 4 Defense
   Defense                  Defense                  Time % Phy DF OF 
 1 Duncan Keith             Cam Fowler               60     1   2  2  
 2 Ladislav Smid            Henrik Tallinder         40     1   2  2  

Last Minutes Offensive
   Center                   Left Wing                Right Wing               Defense                  Defense                  
   Tyler Seguin             Milan Lucic              Mika Zibanejad           Duncan Keith             Cam Fowler               

Last Minutes Defensive
   Center                   Left Wing                Right Wing               Defense                  Defense                  
   Tyler Seguin             Milan Lucic              Mika Zibanejad           Duncan Keith             Cam Fowler               

Goaltenders
Starting : Sergei Bobrovsky         
Backup : Jonas Gustavsson         

Extra Forwards
Normal : Nick Bjugstad, Matt Cullen, Brenden Morrow - PP : Nick Bjugstad, Matt Cullen - PK : Brenden Morrow
Extra Defensemen
Normal : Nathan Paetsch, David Rundblad, Ladislav Smid - PP : Nathan Paetsch - PK : David Rundblad, Ladislav Smid
Penalty Shots
Tyler Seguin, Ryan Johansen, Milan Lucic, Mika Zibanejad, Tomas Kopecky

% Time on Ice - Canadiens

Lines # - Real PCT - Wanted PCT - Time Play
Normal Forward
1 - 30% - 32% - 15:27
2 - 29% - 29% - 14:59
3 - 30% - 28% - 15:08
4 - 11% - 11% - 5:21
Normal Defense
1 - 35% - 40% - 18:04
2 - 40% - 34% - 20:07
3 - 25% - 26% - 12:44
4 - 0% - 0% - 0:00
PP Forward
1 - 49% - 60% - 2:21
2 - 51% - 40% - 2:28
PP Defense
1 - 60% - 60% - 2:54
2 - 40% - 40% - 1:55
PK Forward
1 - 91% - 60% - 3:53
2 - 9% - 40% - 0:23
PK Defense
1 - 63% - 60% - 2:41
2 - 37% - 40% - 1:35
PK3 Forward
1 - 0% - 60%
2 - 0% - 40%
PK3 Defense
1 - 0% - 60%
2 - 0% - 40%
44 Forward
1 - 93% - 60% - 4:39
2 - 7% - 40% - 0:21
44 Defense
1 - 57% - 60% - 2:51
2 - 43% - 40% - 2:09
Last Minute Offensive  - 0:00
Last Minute Defensive  - 0:00
Total
Forward - 65:00
Defense - 65:00

% Time on Ice - Kings

Lines # - Real PCT - Wanted PCT - Time Play
Normal Forward
1 - 27% - 35% - 13:35
2 - 30% - 30% - 15:10
3 - 27% - 22% - 13:55
4 - 16% - 13% - 8:15
Normal Defense
1 - 29% - 35% - 14:53
2 - 34% - 30% - 17:18
3 - 29% - 22% - 14:31
4 - 8% - 13% - 4:13
PP Forward
1 - 57% - 60% - 2:25
2 - 43% - 40% - 1:51
PP Defense
1 - 34% - 60% - 1:27
2 - 66% - 40% - 2:49
PK Forward
1 - 96% - 60% - 4:38
2 - 4% - 40% - 0:11
PK Defense
1 - 72% - 60% - 3:29
2 - 28% - 40% - 1:20
PK3 Forward
1 - 0% - 60%
2 - 0% - 40%
PK3 Defense
1 - 0% - 60%
2 - 0% - 40%
44 Forward
1 - 84% - 60% - 4:11
2 - 16% - 40% - 0:49
44 Defense
1 - 63% - 60% - 3:09
2 - 37% - 40% - 1:51
Last Minute Offensive  - 0:00
Last Minute Defensive  - 0:00
Total
Forward - 65:00
Defense - 65:00

Play by Play

1st period


0:01 of 1st period - Eric Staal wins face-off versus Tyler Seguin in neutral zone.
0:21 of 1st period - Slapshot by Mike Cammalleri.
0:21 of 1st period - Stopped by Sergei Bobrovsky without a rebound.
0:22 of 1st period - Ryan Johansen wins face-off versus Mathieu Perreault in Kings zone.
0:24 of 1st period - Minor Penalty to Carl Soderberg for Roughing.
0:25 of 1st period - Tyler Seguin wins face-off versus Eric Staal in Kings zone.
0:25 of 1st period - Tyler Seguin is hit by Mike Cammalleri.
1:13 of 1st period - Snap shot by Mathieu Perreault.
1:13 of 1st period - Shot Misses the Net.
1:15 of 1st period - Slapshot by Patric Hornqvist.
1:15 of 1st period - Goal by Patric Hornqvist - Canadiens : 1 - Kings : 0.
1:16 of 1st period - Craig Smith wins face-off versus Nick Bjugstad in neutral zone.
1:25 of 1st period - Nick Bjugstad is hit by Marcus Johansson and loses puck.
1:33 of 1st period - Off-side.
1:34 of 1st period - Mike Santorelli wins face-off versus Nick Bjugstad in neutral zone.
1:37 of 1st period - Ladislav Smid is hit by Marcus Johansson and loses puck.
1:46 of 1st period - Slapshot by Craig Smith.
1:46 of 1st period - Stopped by Sergei Bobrovsky with a rebound.
2:20 of 1st period - Jared Spurgeon is hit by Carl Soderberg and loses puck.
2:33 of 1st period - Snap shot by Carl Soderberg.
2:33 of 1st period - Shot Misses the Net.
2:35 of 1st period - Snap shot by Tomas Kopecky.
2:35 of 1st period - Stopped by Marc-Andre Fleury without a rebound.
2:36 of 1st period - Tyler Seguin wins face-off versus Eric Staal in Canadiens zone.
3:25 of 1st period - Matt Niskanen is hit by Milan Lucic and loses puck.
3:38 of 1st period - Snap shot by Ryan Johansen.
3:38 of 1st period - Stopped by Marc-Andre Fleury with a rebound.
3:40 of 1st period - Slapshot by Duncan Keith.
3:40 of 1st period - Shot Blocked by Patric Hornqvist.
4:12 of 1st period - Wrist shot by Nick Bjugstad.
4:12 of 1st period - Shot Misses the Net.
4:37 of 1st period - Alex Goligoski is hit by Nick Bjugstad and loses puck.
5:30 of 1st period - Jared Spurgeon is hit by Tomas Kopecky and loses puck.
6:38 of 1st period - Wrist shot by Jussi Jokinen.
6:38 of 1st period - Shot Misses the Net.
6:40 of 1st period - Snap shot by Jan Hejda.
6:40 of 1st period - Shot Misses the Net.
6:56 of 1st period - Ryan Johansen is hit by Jan Hejda and loses puck.
7:31 of 1st period - Slapshot by Duncan Keith.
7:31 of 1st period - Shot Blocked by Mike Santorelli.
8:46 of 1st period - Snap shot by Blake Comeau.
8:46 of 1st period - Stopped by Sergei Bobrovsky with a rebound.
8:48 of 1st period - Backhand shot by Mike Weaver.
8:48 of 1st period - Stopped by Sergei Bobrovsky without a rebound.
8:49 of 1st period - Nick Bjugstad wins face-off versus Blake Comeau in Kings zone.
9:00 of 1st period - Slapshot by Duncan Keith.
9:00 of 1st period - Shot Blocked by Mathieu Perreault.
9:41 of 1st period - Derek Morris is hit by Milan Lucic and loses puck.
10:00 of 1st period - Snap shot by Tyler Seguin.
10:00 of 1st period - Stopped by Marc-Andre Fleury without a rebound.
10:01 of 1st period - Vincent Trocheck wins face-off versus Mathieu Perreault in Canadiens zone.
11:46 of 1st period - Vincent Trocheck is hit by Matt Niskanen.
11:56 of 1st period - David Rundblad is hit by Blake Comeau and loses puck.
12:03 of 1st period - Snap shot by Eric Staal.
12:03 of 1st period - Shot Blocked by Milan Lucic.
12:21 of 1st period - Jan Hejda is hit by Carl Soderberg and loses puck.
12:52 of 1st period - Jaromir Jagr is hit by Duncan Keith.
14:11 of 1st period - Tomas Kopecky is hit by Matt Niskanen and loses puck.
14:30 of 1st period - Slapshot by Tyler Seguin.
14:30 of 1st period - Stopped by Marc-Andre Fleury with a rebound.
14:34 of 1st period - Snap shot by Tyler Seguin.
14:34 of 1st period - Stopped by Marc-Andre Fleury without a rebound.
14:35 of 1st period - Mike Santorelli wins face-off versus Vincent Trocheck in Canadiens zone.
14:49 of 1st period - Off-side.
14:50 of 1st period - Eric Staal wins face-off versus Tomas Kopecky in neutral zone.
15:23 of 1st period - Wrist shot by Mathieu Perreault.
15:23 of 1st period - Shot Misses the Net.
15:25 of 1st period - Snap shot by Jussi Jokinen.
15:25 of 1st period - Stopped by Sergei Bobrovsky with a rebound.
15:27 of 1st period - Slapshot by Jan Hejda.
15:27 of 1st period - Shot Blocked by Mika Zibanejad.
16:15 of 1st period - Wrist shot by Marcus Johansson.
16:15 of 1st period - Stopped by Sergei Bobrovsky with a rebound.
16:48 of 1st period - Snap shot by Jussi Jokinen.
16:48 of 1st period - Stopped by Sergei Bobrovsky without a rebound.
16:49 of 1st period - Mathieu Perreault wins face-off versus Vincent Trocheck in Kings zone.
17:30 of 1st period - Ladislav Smid is hit by Derek Morris and loses puck.
17:59 of 1st period - Slapshot by Nick Bjugstad.
17:59 of 1st period - Deflect By Matt Cullen.
17:59 of 1st period - Stopped by Marc-Andre Fleury with a rebound.
18:39 of 1st period - Mika Zibanejad is hit by Eric Staal and loses puck.
19:34 of 1st period - Henrik Tallinder is hit by Alex Goligoski and loses puck.
19:53 of 1st period - Cam Fowler is hit by Jussi Jokinen and loses puck.
Goals for this period are 1 for Canadiens vs 0 for Kings.
Shots for this period are 8 for Canadiens vs 6 for Kings.

2nd period


0:01 of 2nd period - Eric Staal wins face-off versus Tyler Seguin in neutral zone.
1:04 of 2nd period - Matt Niskanen is hit by Carl Soderberg and loses puck.
1:53 of 2nd period - Wrist shot by Craig Smith.
1:53 of 2nd period - Stopped by Sergei Bobrovsky with a rebound.
2:01 of 2nd period - Snap shot by Craig Smith.
2:01 of 2nd period - Stopped by Sergei Bobrovsky with a rebound.
2:42 of 2nd period - David Rundblad is hit by Brandon Prust and loses puck.
3:17 of 2nd period - Jan Hejda is hit by Nathan Paetsch and loses puck.
3:22 of 2nd period - Wrist shot by Duncan Keith.
3:22 of 2nd period - Stopped by Marc-Andre Fleury with a rebound.
3:24 of 2nd period - Slapshot by Duncan Keith.
3:24 of 2nd period - Deflect By Ryan Johansen.
3:24 of 2nd period - Stopped by Marc-Andre Fleury without a rebound.
3:25 of 2nd period - Mathieu Perreault wins face-off versus Ryan Johansen in Canadiens zone.
3:38 of 2nd period - Slapshot by Cam Fowler.
3:38 of 2nd period - Stopped by Marc-Andre Fleury without a rebound.
3:39 of 2nd period - Tyler Seguin wins face-off versus Mathieu Perreault in Canadiens zone.
3:40 of 2nd period - Slapshot by Duncan Keith.
3:40 of 2nd period - Stopped by Marc-Andre Fleury with a rebound.
3:42 of 2nd period - Backhand shot by Duncan Keith.
3:42 of 2nd period - Stopped by Marc-Andre Fleury without a rebound.
3:43 of 2nd period - Mathieu Perreault wins face-off versus Tyler Seguin in Canadiens zone.
3:48 of 2nd period - Wrist shot by Mathieu Perreault.
3:48 of 2nd period - Shot Misses the Net.
3:49 of 2nd period - Minor Penalty to Derek Morris for Slashing.
3:50 of 2nd period - Eric Staal wins face-off versus Tyler Seguin in Canadiens zone.
3:59 of 2nd period - Eric Staal is hit by Cam Fowler and loses puck.
5:02 of 2nd period - Off-side.
5:03 of 2nd period - Brandon Prust wins face-off versus Tyler Seguin in neutral zone.
5:37 of 2nd period - Wrist shot by Ryan Johansen.
5:37 of 2nd period - Shot Misses the Net.
5:49 of 2nd period - Penalty to Derek Morris is over, Derek Morris is back on ice.
5:51 of 2nd period - Henrik Tallinder is hit by Blake Comeau and loses puck.
6:38 of 2nd period - Snap shot by Jussi Jokinen.
6:38 of 2nd period - Stopped by Sergei Bobrovsky without a rebound.
6:39 of 2nd period - Mathieu Perreault wins face-off versus Vincent Trocheck in Kings zone.
6:44 of 2nd period - Wrist shot by Jussi Jokinen.
6:44 of 2nd period - Stopped by Sergei Bobrovsky without a rebound.
6:45 of 2nd period - Mathieu Perreault wins face-off versus Vincent Trocheck in Kings zone.
7:24 of 2nd period - David Rundblad is hit by Mathieu Perreault and loses puck.
7:39 of 2nd period - Jan Hejda is hit by Nick Bjugstad and loses puck.
7:48 of 2nd period - Slapshot by Alex Goligoski.
7:48 of 2nd period - Shot Misses the Net.
8:40 of 2nd period - Slapshot by Carl Soderberg.
8:40 of 2nd period - Shot Blocked by Derek Morris.
8:42 of 2nd period - Slapshot by Cam Fowler.
8:42 of 2nd period - Stopped by Marc-Andre Fleury without a rebound.
8:43 of 2nd period - Mathieu Perreault wins face-off versus Tyler Seguin in Canadiens zone.
8:56 of 2nd period - Wrist shot by Mika Zibanejad.
8:56 of 2nd period - Stopped by Marc-Andre Fleury with a rebound.
9:32 of 2nd period - Wrist shot by Marcus Johansson.
9:32 of 2nd period - Stopped by Sergei Bobrovsky with a rebound.
9:34 of 2nd period - Slapshot by Mike Weaver.
9:34 of 2nd period - Deflect By Marcus Johansson.
9:34 of 2nd period - Shot Misses the Net.
9:34 of 2nd period - Puck is out of play.
9:35 of 2nd period - Carl Soderberg wins face-off versus Mike Santorelli in Kings zone.
10:10 of 2nd period - Wrist shot by Nick Bjugstad.
10:10 of 2nd period - Shot Blocked by Mike Santorelli.
10:12 of 2nd period - Snap shot by Duncan Keith.
10:12 of 2nd period - Deflect By Jan Hejda.
10:12 of 2nd period - Stopped by Marc-Andre Fleury with a rebound.
10:14 of 2nd period - Slapshot by Cam Fowler.
10:14 of 2nd period - Shot Blocked by Marcus Johansson.
10:16 of 2nd period - Slapshot by Duncan Keith.
10:16 of 2nd period - Kings goal is going for a video replay.
10:16 of 2nd period - The goal is good.
10:16 of 2nd period - Goal by Duncan Keith - Canadiens : 1 - Kings : 1.
10:17 of 2nd period - Eric Staal wins face-off versus Tyler Seguin in neutral zone.
10:34 of 2nd period - Snap shot by Eric Staal.
10:34 of 2nd period - Shot Blocked by Ladislav Smid.
10:36 of 2nd period - Slapshot by Derek Morris.
10:36 of 2nd period - Deflect By Jaromir Jagr.
10:36 of 2nd period - Stopped by Sergei Bobrovsky without a rebound.
10:37 of 2nd period - Jaromir Jagr wins face-off versus Tyler Seguin in Kings zone.
11:22 of 2nd period - Ladislav Smid is hit by Jussi Jokinen and loses puck.
11:27 of 2nd period - Snap shot by Jussi Jokinen.
11:27 of 2nd period - Shot Misses the Net.
11:29 of 2nd period - Slapshot by Alex Goligoski.
11:29 of 2nd period - Shot Misses the Net.
11:31 of 2nd period - Slapshot by Alex Goligoski.
11:31 of 2nd period - Stopped by Sergei Bobrovsky with a rebound.
11:33 of 2nd period - Slapshot by Alex Goligoski.
11:33 of 2nd period - Stopped by Sergei Bobrovsky with a rebound.
11:35 of 2nd period - Snap shot by Jussi Jokinen.
11:35 of 2nd period - Shot Blocked by Henrik Tallinder.
11:41 of 2nd period - Wrist shot by Jussi Jokinen.
11:41 of 2nd period - Stopped by Sergei Bobrovsky with a rebound.
12:16 of 2nd period - Icing by Nick Bjugstad.
12:17 of 2nd period - Nick Bjugstad wins face-off versus Mike Santorelli in Kings zone.
12:22 of 2nd period - Alex Goligoski is hit by Ladislav Smid and loses puck.
12:31 of 2nd period - Snap shot by Nick Bjugstad.
12:31 of 2nd period - Shot Blocked by Craig Smith.
12:33 of 2nd period - Slapshot by Duncan Keith.
12:33 of 2nd period - Shot Misses the Net.
12:35 of 2nd period - Slapshot by Cam Fowler.
12:35 of 2nd period - Stopped by Marc-Andre Fleury without a rebound.
12:36 of 2nd period - Tyler Seguin wins face-off versus Eric Staal in Canadiens zone.
13:07 of 2nd period - Snap shot by Mike Cammalleri.
13:07 of 2nd period - Shot Misses the Net.
13:27 of 2nd period - Slapshot by Ryan Johansen.
13:27 of 2nd period - Stopped by Marc-Andre Fleury without a rebound.
13:28 of 2nd period - Mike Santorelli wins face-off versus Carl Soderberg in Canadiens zone.
13:28 of 2nd period - Mike Santorelli is hit by Carl Soderberg.
13:53 of 2nd period - Snap shot by Carl Soderberg.
13:53 of 2nd period - Stopped by Marc-Andre Fleury with a rebound.
14:33 of 2nd period - Snap shot by Matt Cullen.
14:33 of 2nd period - Shot Misses the Net.
14:35 of 2nd period - Wrist shot by Cam Fowler.
14:35 of 2nd period - Shot Blocked by Derek Morris.
14:35 of 2nd period - Derek Morris from Canadiens is injured at 14:35 of 2nd period (Separated Right Shoulder).
14:36 of 2nd period - Eric Staal wins face-off versus Tyler Seguin in Canadiens zone.
14:45 of 2nd period - Backhand shot by Mike Cammalleri.
14:45 of 2nd period - Goal by Mike Cammalleri - Canadiens : 2 - Kings : 1.
14:46 of 2nd period - Tyler Seguin wins face-off versus Eric Staal in neutral zone.
14:51 of 2nd period - Slapshot by Cam Fowler.
14:51 of 2nd period - Stopped by Marc-Andre Fleury with a rebound.
14:53 of 2nd period - Slapshot by Cam Fowler.
14:53 of 2nd period - Shot Blocked by Jan Hejda.
16:31 of 2nd period - Snap shot by Marcus Johansson.
16:31 of 2nd period - Stopped by Sergei Bobrovsky with a rebound.
16:52 of 2nd period - Wrist shot by Patric Hornqvist.
16:52 of 2nd period - Stopped by Sergei Bobrovsky without a rebound.
16:53 of 2nd period - Vincent Trocheck wins face-off versus Mathieu Perreault in Kings zone.
17:06 of 2nd period - Wrist shot by Vincent Trocheck.
17:06 of 2nd period - Shot Misses the Net.
17:12 of 2nd period - Snap shot by Tyler Seguin.
17:12 of 2nd period - Stopped by Marc-Andre Fleury with a rebound.
17:20 of 2nd period - Snap shot by Mathieu Perreault.
17:20 of 2nd period - Shot Misses the Net.
17:22 of 2nd period - Snap shot by Matt Niskanen.
17:22 of 2nd period - Shot Misses the Net.
18:00 of 2nd period - Slapshot by Ryan Johansen.
18:00 of 2nd period - Shot Misses the Net.
18:02 of 2nd period - Wrist shot by Ryan Johansen.
18:02 of 2nd period - Deflect By Tomas Kopecky.
18:02 of 2nd period - Shot Hit the Post.
18:02 of 2nd period - Puck is out of play.
18:03 of 2nd period - Mike Santorelli wins face-off versus Tyler Seguin in Canadiens zone.
18:05 of 2nd period - Minor Penalty to Craig Smith for Cross-checking.
18:06 of 2nd period - Eric Staal wins face-off versus Tyler Seguin in Canadiens zone.
18:06 of 2nd period - Eric Staal is hit by Tyler Seguin.
18:21 of 2nd period - Snap shot by Milan Lucic.
18:21 of 2nd period - Shot Misses the Net.
18:23 of 2nd period - Slapshot by Cam Fowler.
18:23 of 2nd period - Goal by Cam Fowler - Canadiens : 2 - Kings : 2.
18:24 of 2nd period - Mike Santorelli wins face-off versus Tyler Seguin in neutral zone.
18:27 of 2nd period - Wrist shot by Craig Smith.
18:27 of 2nd period - Stopped by Sergei Bobrovsky with a rebound.
19:00 of 2nd period - Wrist shot by Craig Smith.
19:00 of 2nd period - Stopped by Sergei Bobrovsky with a rebound.
Goals for this period are 1 for Canadiens vs 2 for Kings.
Shots for this period are 14 for Canadiens vs 15 for Kings.

3rd period


0:01 of 3rd period - Tyler Seguin wins face-off versus Eric Staal in neutral zone.
0:06 of 3rd period - Duncan Keith is hit by Mike Cammalleri.
0:18 of 3rd period - Snap shot by Mike Cammalleri.
0:18 of 3rd period - Shot Misses the Net.
0:34 of 3rd period - Snap shot by Milan Lucic.
0:34 of 3rd period - Shot Blocked by Jan Hejda.
0:56 of 3rd period - Snap shot by Ryan Johansen.
0:56 of 3rd period - Stopped by Marc-Andre Fleury with a rebound.
0:58 of 3rd period - Snap shot by Tomas Kopecky.
0:58 of 3rd period - Shot Misses the Net.
1:00 of 3rd period - Slapshot by Ryan Johansen.
1:00 of 3rd period - Shot Blocked by Alex Goligoski.
1:47 of 3rd period - Off-side.
1:48 of 3rd period - Mathieu Perreault wins face-off versus Brenden Morrow in neutral zone.
2:00 of 3rd period - Minor Penalty to Brenden Morrow for Hooking.
2:01 of 3rd period - Tyler Seguin wins face-off versus Mathieu Perreault in Kings zone.
2:11 of 3rd period - Slapshot by Alex Goligoski.
2:11 of 3rd period - Shot Blocked by Duncan Keith.
2:13 of 3rd period - Slapshot by Matt Niskanen.
2:13 of 3rd period - Stopped by Sergei Bobrovsky with a rebound.
2:15 of 3rd period - Slapshot by Matt Niskanen.
2:15 of 3rd period - Stopped by Sergei Bobrovsky with a rebound.
2:17 of 3rd period - Slapshot by Matt Niskanen.
2:17 of 3rd period - Shot Blocked by Duncan Keith.
2:19 of 3rd period - Slapshot by Matt Niskanen.
2:19 of 3rd period - Stopped by Sergei Bobrovsky with a rebound.
2:21 of 3rd period - Slapshot by Alex Goligoski.
2:21 of 3rd period - Shot Misses the Net.
2:23 of 3rd period - Snap shot by Jussi Jokinen.
2:23 of 3rd period - Shot Misses the Net.
3:11 of 3rd period - Snap shot by Patric Hornqvist.
3:11 of 3rd period - Stopped by Sergei Bobrovsky without a rebound.
3:12 of 3rd period - Tyler Seguin wins face-off versus Mathieu Perreault in Kings zone.
3:41 of 3rd period - Ladislav Smid is hit by Alex Goligoski and loses puck.
3:47 of 3rd period - Off-side.
3:48 of 3rd period - Nick Bjugstad wins face-off versus Eric Staal in neutral zone.
3:51 of 3rd period - Slapshot by Cam Fowler.
3:51 of 3rd period - Deflect By Nick Bjugstad.
3:51 of 3rd period - Stopped by Marc-Andre Fleury without a rebound.
3:52 of 3rd period - Eric Staal wins face-off versus Tyler Seguin in Canadiens zone.
4:00 of 3rd period - Penalty to Brenden Morrow is over, Brenden Morrow is back on ice.
4:22 of 3rd period - Marcus Johansson is hit by Brandon McMillan and loses puck.
4:35 of 3rd period - Slapshot by Jared Spurgeon.
4:35 of 3rd period - Stopped by Sergei Bobrovsky without a rebound.
4:36 of 3rd period - Tyler Seguin wins face-off versus Marcus Johansson in Kings zone.
5:15 of 3rd period - Matt Niskanen is hit by Ryan Johansen and loses puck.
5:25 of 3rd period - Off-side.
5:26 of 3rd period - Nick Bjugstad wins face-off versus Mathieu Perreault in neutral zone.
6:15 of 3rd period - Minor Penalty to Blake Comeau for Hooking.
6:16 of 3rd period - Tyler Seguin wins face-off versus Brandon Prust in Canadiens zone.
6:17 of 3rd period - Slapshot by Mika Zibanejad.
6:17 of 3rd period - Shot Misses the Net.
6:21 of 3rd period - Wrist shot by Mika Zibanejad.
6:21 of 3rd period - Shot Misses the Net.
6:23 of 3rd period - Wrist shot by Tyler Seguin.
6:23 of 3rd period - Stopped by Marc-Andre Fleury without a rebound.
6:24 of 3rd period - Tyler Seguin wins face-off versus Eric Staal in Canadiens zone.
6:25 of 3rd period - Slapshot by Mika Zibanejad.
6:25 of 3rd period - Shot Misses the Net.
6:27 of 3rd period - Wrist shot by Mika Zibanejad.
6:27 of 3rd period - Stopped by Marc-Andre Fleury with a rebound.
6:29 of 3rd period - Slapshot by Ladislav Smid.
6:29 of 3rd period - Shot Blocked by Jan Hejda.
6:31 of 3rd period - Slapshot by Henrik Tallinder.
6:31 of 3rd period - Stopped by Marc-Andre Fleury with a rebound.
6:33 of 3rd period - Snap shot by Henrik Tallinder.
6:33 of 3rd period - Stopped by Marc-Andre Fleury with a rebound.
6:35 of 3rd period - Wrist shot by Ladislav Smid.
6:35 of 3rd period - Shot Misses the Net.
7:56 of 3rd period - Mike Santorelli is hit by Ladislav Smid and loses puck.
8:15 of 3rd period - Penalty to Blake Comeau is over, Blake Comeau is back on ice.
8:46 of 3rd period - Snap shot by Matt Cullen.
8:46 of 3rd period - Stopped by Marc-Andre Fleury with a rebound.
8:48 of 3rd period - Slapshot by Duncan Keith.
8:48 of 3rd period - Shot Blocked by Mike Weaver.
8:50 of 3rd period - Slapshot by Duncan Keith.
8:50 of 3rd period - Shot Misses the Net.
9:48 of 3rd period - Duncan Keith is hit by Marcus Johansson and loses puck.
10:16 of 3rd period - Alex Goligoski is hit by Brandon McMillan and loses puck.
11:02 of 3rd period - Alex Goligoski is hit by Nathan Paetsch and loses puck.
11:25 of 3rd period - Henrik Tallinder is hit by Jaromir Jagr and loses puck.
11:48 of 3rd period - Nathan Paetsch is hit by Eric Staal and loses puck.
11:54 of 3rd period - Off-side.
11:55 of 3rd period - Nick Bjugstad wins face-off versus Mike Santorelli in neutral zone.
13:03 of 3rd period - Ben Lovejoy is hit by Brenden Morrow and loses puck.
13:12 of 3rd period - Wrist shot by Vincent Trocheck.
13:12 of 3rd period - Stopped by Marc-Andre Fleury with a rebound.
13:14 of 3rd period - Snap shot by Vincent Trocheck.
13:14 of 3rd period - Stopped by Marc-Andre Fleury with a rebound.
13:16 of 3rd period - Slapshot by David Rundblad.
13:16 of 3rd period - Shot Misses the Net.
13:18 of 3rd period - Slapshot by Brenden Morrow.
13:18 of 3rd period - Stopped by Marc-Andre Fleury with a rebound.
13:20 of 3rd period - Wrist shot by David Rundblad.
13:20 of 3rd period - Shot Blocked by Jan Hejda.
13:22 of 3rd period - Wrist shot by David Rundblad.
13:22 of 3rd period - Shot Blocked by Mathieu Perreault.
13:44 of 3rd period - Wrist shot by Craig Smith.
13:44 of 3rd period - Shot Misses the Net.
13:46 of 3rd period - Snap shot by Mike Santorelli.
13:46 of 3rd period - Stopped by Sergei Bobrovsky with a rebound.
13:48 of 3rd period - Wrist shot by Mike Weaver.
13:48 of 3rd period - Shot Misses the Net.
13:50 of 3rd period - Snap shot by Mike Santorelli.
13:50 of 3rd period - Shot Misses the Net.
13:56 of 3rd period - Minor Penalty to Brenden Morrow for Hooking.
13:57 of 3rd period - Mathieu Perreault wins face-off versus Tyler Seguin in Kings zone.
14:10 of 3rd period - Wrist shot by Jussi Jokinen.
14:10 of 3rd period - Stopped by Sergei Bobrovsky without a rebound.
14:11 of 3rd period - Mathieu Perreault wins face-off versus Tyler Seguin in Kings zone.
14:41 of 3rd period - Off-side.
14:42 of 3rd period - Mathieu Perreault wins face-off versus Nick Bjugstad in neutral zone.
14:50 of 3rd period - Alex Goligoski is hit by Ryan Johansen and loses puck.
15:43 of 3rd period - Snap shot by Nick Bjugstad.
15:43 of 3rd period - Shot Misses the Net.
15:56 of 3rd period - Penalty to Brenden Morrow is over, Brenden Morrow is back on ice.
16:13 of 3rd period - Wrist shot by Jaromir Jagr.
16:13 of 3rd period - Stopped by Sergei Bobrovsky without a rebound.
16:14 of 3rd period - Nick Bjugstad wins face-off versus Eric Staal in Kings zone.
16:39 of 3rd period - Wrist shot by Mike Santorelli.
16:39 of 3rd period - Shot Misses the Net.
16:41 of 3rd period - Slapshot by Jan Hejda.
16:41 of 3rd period - Shot Misses the Net.
16:43 of 3rd period - Backhand shot by Mike Santorelli.
16:43 of 3rd period - Stopped by Sergei Bobrovsky with a rebound.
16:47 of 3rd period - Snap shot by Craig Smith.
16:47 of 3rd period - Deflect By Brandon McMillan.
16:47 of 3rd period - Stopped by Sergei Bobrovsky with a rebound.
16:49 of 3rd period - Slapshot by Jan Hejda.
16:49 of 3rd period - Stopped by Sergei Bobrovsky without a rebound.
16:50 of 3rd period - Eric Staal wins face-off versus Tyler Seguin in Kings zone.
16:51 of 3rd period - Wrist shot by Matt Niskanen.
16:51 of 3rd period - Shot Misses the Net.
17:41 of 3rd period - Jared Spurgeon is hit by Carl Soderberg and loses puck.
18:14 of 3rd period - Cam Fowler is hit by Jared Spurgeon.
18:48 of 3rd period - Slapshot by Matt Cullen.
18:48 of 3rd period - Shot Blocked by Alex Goligoski.
19:17 of 3rd period - Wrist shot by Craig Smith.
19:17 of 3rd period - Shot Blocked by Nathan Paetsch.
19:33 of 3rd period - Slapshot by Patric Hornqvist.
19:33 of 3rd period - Shot Hit the Post.
19:35 of 3rd period - Wrist shot by Alex Goligoski.
19:35 of 3rd period - Stopped by Sergei Bobrovsky without a rebound.
19:36 of 3rd period - Ryan Johansen wins face-off versus Patric Hornqvist in Kings zone.
Goals for this period are 0 for Canadiens vs 0 for Kings.
Shots for this period are 12 for Canadiens vs 10 for Kings.

Overtime #1


0:01 of 1st overtime period - Tyler Seguin wins face-off versus Eric Staal in neutral zone.
0:04 of 1st overtime period - Slapshot by Cam Fowler.
0:04 of 1st overtime period - Stopped by Marc-Andre Fleury with a rebound.
0:06 of 1st overtime period - Slapshot by Cam Fowler.
0:06 of 1st overtime period - Shot Misses the Net.
0:10 of 1st overtime period - Slapshot by Tyler Seguin.
0:10 of 1st overtime period - Shot Misses the Net.
0:20 of 1st overtime period - Wrist shot by Tyler Seguin.
0:20 of 1st overtime period - Shot Hit the Post.
0:36 of 1st overtime period - Slapshot by Duncan Keith.
0:36 of 1st overtime period - Shot Blocked by Eric Staal.
0:38 of 1st overtime period - Slapshot by Cam Fowler.
0:38 of 1st overtime period - Shot Blocked by Alex Goligoski.
1:22 of 1st overtime period - Wrist shot by Ryan Johansen.
1:22 of 1st overtime period - Stopped by Marc-Andre Fleury without a rebound.
1:23 of 1st overtime period - Tyler Seguin wins face-off versus Eric Staal in Canadiens zone.
1:30 of 1st overtime period - Wrist shot by Mike Cammalleri.
1:30 of 1st overtime period - Stopped by Sergei Bobrovsky with a rebound.
1:58 of 1st overtime period - Snap shot by Craig Smith.
1:58 of 1st overtime period - Shot Misses the Net.
2:12 of 1st overtime period - Jared Spurgeon is hit by Nick Bjugstad and loses puck.
3:19 of 1st overtime period - Snap shot by Mathieu Perreault.
3:19 of 1st overtime period - Deflect By Jaromir Jagr.
3:19 of 1st overtime period - Shot Blocked by Ryan Johansen.
3:19 of 1st overtime period - Puck is out of play.
3:20 of 1st overtime period - Mathieu Perreault wins face-off versus Tyler Seguin in Kings zone.
3:27 of 1st overtime period - Wrist shot by Jaromir Jagr.
3:27 of 1st overtime period - Stopped by Sergei Bobrovsky without a rebound.
3:28 of 1st overtime period - Tyler Seguin wins face-off versus Eric Staal in Kings zone.
3:33 of 1st overtime period - Jan Hejda is hit by Tyler Seguin and loses puck.
3:39 of 1st overtime period - Off-side.
3:40 of 1st overtime period - Eric Staal wins face-off versus Tyler Seguin in neutral zone.
Goals for this period are 0 for Canadiens vs 0 for Kings.
Shots for this period are 2 for Canadiens vs 2 for Kings.

ShootOut


5:00 of 1st overtime period - Penalty Shot by Jussi Jokinen for Canadiens.
5:00 of 1st overtime period - Wrist shot by Jussi Jokinen.
5:00 of 1st overtime period - Stopped by Sergei Bobrovsky.
5:00 of 1st overtime period - Penalty Shot by Tyler Seguin for Kings.
5:00 of 1st overtime period - Snap shot by Tyler Seguin.
5:00 of 1st overtime period - Stopped by Marc-Andre Fleury.
5:00 of 1st overtime period - Penalty Shot by Mike Cammalleri for Canadiens.
5:00 of 1st overtime period - Backhand shot by Mike Cammalleri.
5:00 of 1st overtime period - Goal by Mike Cammalleri.
5:00 of 1st overtime period - Penalty Shot by Ryan Johansen for Kings.
5:00 of 1st overtime period - Snap shot by Ryan Johansen.
5:00 of 1st overtime period - Shot Misses the Net.
5:00 of 1st overtime period - Penalty Shot by Craig Smith for Canadiens.
5:00 of 1st overtime period - Backhand shot by Craig Smith.
5:00 of 1st overtime period - Stopped by Sergei Bobrovsky.
5:00 of 1st overtime period - Penalty Shot by Milan Lucic for Kings.
5:00 of 1st overtime period - Wrist shot by Milan Lucic.
5:00 of 1st overtime period - Goal by Milan Lucic.
5:00 of 1st overtime period - Penalty Shot by Jaromir Jagr for Canadiens.
5:00 of 1st overtime period - Wrist shot by Jaromir Jagr.
5:00 of 1st overtime period - Stopped by Sergei Bobrovsky.
5:00 of 1st overtime period - Penalty Shot by Mika Zibanejad for Kings.
5:00 of 1st overtime period - Snap shot by Mika Zibanejad.
5:00 of 1st overtime period - Shot Misses the Net.
5:00 of 1st overtime period - Penalty Shot by Mike Santorelli for Canadiens.
5:00 of 1st overtime period - Backhand shot by Mike Santorelli.
5:00 of 1st overtime period - Stopped by Sergei Bobrovsky.
5:00 of 1st overtime period - Penalty Shot by Tomas Kopecky for Kings.
5:00 of 1st overtime period - Snap shot by Tomas Kopecky.
5:00 of 1st overtime period - Goal by Tomas Kopecky.


Output by the SimonT Hockey Simulator (STHS) for Eric Dolegowski -- Original Page W3C XHTML 1.0 Valid
Hockey Simulator - Hockey Simulation - Hockey Manager